 Dungeon Crawl Stone Soup version 0.24.0-37-gcf1ca852f1 (webtiles) character file.

Game seed: 1973094895899373677, levelgen mode: deterministic

53 lilbarb the Poker (level 3, -1/31 HPs)
             Began as a Centaur Berserker on Nov 22, 2019.
             Was a Believer of Trog.
             Slain by an ogre
             ... wielding a +0 giant club
              (16 damage)
             ... on level 2 of the Dungeon.
             The game lasted 00:02:33 (1060 turns).

lilbarb the Poker (Centaur Berserker)               Turns: 1060, Time: 00:02:34

Health: -1/31      AC:  4    Str: 20    XL:     3   Next: 62%
Magic:  3/3        EV:  9    Int:  6    God:    Trog [**....]
Gold:   61         SH:  0    Dex:  8    Spells: 2/2 levels left

rFire    . . .     SeeInvis .   a - +0 spear
rCold    . . .     Gourm    +   (no shield)
rNeg     . . .     Faith    .   b - +0 animal skin
rPois    .         Spirit   .   (no helmet)
rElec    .         Reflect  .   (no cloak)
rCorr    .         Harm     .   (no gloves)
MR       .....                  (no barding)
Stlth    +.........             f - amulet of the gourmand
HPRegen  0.10/turn              (no ring)
MPRegen  0.08/turn              (no ring)

@: berserk cooldown, slowed
A: large, hooves 3, deformed body, speed 2, tough skin 3
a: Berserk, Trog's Hand, Renounce Religion


You were on level 2 of the Dungeon.
You worshipped Trog.
Trog was pleased with you.
You were near starving.

You visited 1 branch of the dungeon, and saw 2 of its levels.

You collected 61 gold pieces.

Inventory:

Hand Weapons
 a - a +0 spear (weapon)
Armour
 b - a +0 animal skin (worn)
Jewellery
 e - an uncursed ring of protection from cold
 f - an amulet of the gourmand (around neck)
Scrolls
 d - 2 scrolls of remove curse {unknown}
 g - 4 scrolls of identify {unknown}
 h - a scroll of fear {unknown}
 i - a scroll of fog {unknown}
 j - a scroll of teleportation {unknown}
 k - a scroll of enchant armour {unknown}
 q - a scroll of noise {unknown}
Potions
 l - 2 potions of curing {unknown}
 m - a potion of lignification {unknown}
 n - a potion of invisibility {unknown}
 o - a potion of degeneration {unknown}
 p - a potion of magic {unknown}
Comestibles
 c - 3 rations


   Skills:
 - Level 3.0 Fighting
 + Level 4.2 Polearms
 - Level 1.3 Armour
 - Level 1.3 Dodging


You had 2 spell levels left.
You didn't know any spells.
Your spell library was empty.

Dungeon Overview and Level Annotations

Branches:
Dungeon (2/15)

Altars:
Nemelex Xobeh
Vehumet


Innate Abilities, Weirdness & Mutations

You have hooves in place of feet.
Armour fits poorly on your strangely shaped body.
You cover ground very quickly.
You have extremely tough skin. (AC +3)


Message History

You feel your anger nearly subside.
You are no longer berserk.
You are exhausted.
You feel yourself slow down.
Attack whom?
Press: ? - help, Dir - move target cursor, f/p - ogre
Aim: an ogre, wielding a +0 giant club (moderately wounded)
You reach to attack!
You hit the ogre.
The ogre is heavily wounded.
You hit the ogre.
The ogre is heavily wounded.
The ogre hits you with a +0 giant club!
Ouch! That really hurt!
You are too injured to fight recklessly!
You are too injured to fight recklessly!
You are too injured to fight recklessly!
You barely miss the ogre.
The ogre is heavily wounded.
The ogre barely misses you. The ogre hits you with a +0 giant club!
Ouch! That really hurt!
You die...

#...(.............##
#.....#...........#
#............######
#............#
#............#
#####.##...###
#..####.# #.## ###
####@#####
#####...O....#
.............#
###..(.......#
#..........#
#..........#
#..........#
#..........#
#..........#


You could see an ogre.

Vanquished Creatures
  2 adders (D:2)
  2 dart slugs
  3 leopard geckos (D:1)
  3 bats
  A goblin (D:1)
  A hobgoblin (D:1)
  5 jackals (D:1)
  5 kobolds (D:1)
  A quokka (D:2)
  4 frilled lizards
  2 rats (D:1)
29 creatures vanquished.

Notes
Turn   | Place    | Note
-------+----------+-------------------------------------------
     0 | D:1      | lilbarb the Centaur Berserker began the quest for the Orb.
     0 | D:1      | Reached XP level 1. HP: 19/19 MP: 1/1
    38 | D:1      | Reached skill level 3 in Polearms
    46 | D:1      | Reached XP level 2. HP: 26/26 MP: 2/2
   366 | D:1      | Reached ** piety under Trog
   419 | D:1      | Reached XP level 3. HP: 30/31 MP: 3/3
   450 | D:2      | Found a sparkling altar of Nemelex Xobeh.
   459 | D:2      | Reached skill level 4 in Polearms
  1009 | D:2      | Found a radiant altar of Vehumet.
  1047 | D:2      | Noticed an ogre
  1060 | D:2      | Slain by an ogre

Levels and vault maps discovered:
D:1:      dpeg_arrival_short_road, layout_rooms
D:2:      layout_rooms, vehumet_crystals, nicolae_overflow_hidden_temple,
          nemelex_xobeh_ov_fountains_minmay, lemuel_coloured_pillars_altar,
          uniq_jessica

Skill      XL: |  1  2  3 |
---------------+----------+-----
Polearms       | 3 4 |  4.2
Fighting       | |  3.0
Armour         | |  1.3
Dodging        | |  1.3

Action                   || total
-------------------------++-------
Melee: Spear             ||    78
       Kick              ||    12
Throw: Dart              ||     4
Invok: Berserk           ||     2
Armor: Animal skin       ||    13
Dodge: Dodged            ||    22
